 Dungeon Crawl Stone Soup version 0.28-a0-674-gdaf460b524 (webtiles) character file.

Game seed: 16880435236435716505

21 blank1 the Shield-Bearer (level 2, -2/27 HPs)
             Began as a Minotaur Fighter on Oct 17, 2021.
             Frozen to death by an endoplasm (3 damage)
             ... on level 1 of the Dungeon.
             The game lasted 00:01:48 (709 turns).

blank1 the Shield-Bearer (Minotaur Fighter)          Turns: 709, Time: 00:01:49

Health: -2/27      AC:  9    Str: 20    XL:     2   Next: 62%
Magic:  1/1        EV:  7    Int:  5    God:
Gold:   23         SH:  4    Dex:  9    Spells: 1/1 levels left

rFire   . . .      SeeInvis .   a - +0 flail
rCold   . . .      Faith    .   c - +0 buckler
rNeg    . . .      Spirit   .   f - +0 chain mail
rPois   .          Reflect  .   (helmet restricted)
rElec   .          Harm     .   (no cloak)
rCorr   .          Rampage  .   (no gloves)
Will    .....                   (no boots)
Stlth   ..........              (no amulet)
HPRegen 0.09/turn               (no ring)
MPRegen 0.07/turn               (no ring)

@: no status effects
A: horns 2, retaliatory headbutt
a: no special abilities


You were on level 1 of the Dungeon.
You visited 1 branch of the dungeon, and saw 2 of its levels.

You collected 23 gold pieces.

Inventory:

Hand Weapons
 a - a +0 flail (weapon)
Armour
 c - a +0 buckler (worn)
 f - a +0 chain mail (worn)
Scrolls
 e - a scroll of teleportation {unknown}
Potions
 b - a potion of lignification {unknown}
 d - 2 potions of might
 g - a potion of flight {unknown}
 h - a potion of degeneration {unknown}


   Skills:
 + Level 3.9 Fighting
 + Level 2.9 Maces & Flails
 - Level 4.0 Armour
 - Level 4.0 Shields


You had one spell level left.
You didn't know any spells.
Your spell library contained the following spells:

 Spells                   Type           Power      Damage    Failure   Level
 Passwall                 Tmut/Erth      0%         N/A       100%        2
 Swiftness                Air            0%         N/A       100%        3
 Invisibility             Hex            0%         N/A       100%        6


Dungeon Overview and Level Annotations

Branches:
Dungeon (2/15)

Altars:

Annotations:
D:1 Terence


Innate Abilities, Weirdness & Mutations

You have a pair of horns on your head.
You reflexively headbutt those who attack you in melee.


Message History

The endoplasm freezes you.
You are frozen.
Unknown command.
You hit Terence but do no damage.
Terence is heavily wounded.
Terence closely misses you. The goblin barely misses you.
You block the endoplasm's attack.
You barely miss Terence. Your headbutt misses Terence.
Terence is heavily wounded.
Terence barely misses you. The goblin hits you with a +0 dagger.
The endoplasm freezes you.
You are frozen.
Terence screams, "I want your blood!" You block Terence's attack.
The goblin hits you but does no damage.
There is a stone staircase leading up here.
You block the endoplasm's attack. Terence hits you but does no damage.
You climb upwards.
There is a stone staircase leading down here.
You closely miss Terence.
Terence is heavily wounded.
The endoplasm hits you. Terence hits you but does no damage.
You closely miss Terence. You headbutt Terence, but do no damage.
Terence is heavily wounded.
The endoplasm closely misses you. Terence hits you but does no damage.
The endoplasm closely misses you.
You hit Terence. You headbutt Terence.
Terence is almost dead.
Terence barely misses you. The endoplasm freezes you.
You are frozen.
Terence drinks a potion.
Terence is healed!
You barely miss Terence. The endoplasm freezes you.
You are frozen.
* * * LOW HITPOINT WARNING * * *
Terence hits you with a +0 hand axe.
* * * LOW HITPOINT WARNING * * *
Your chain mail prevents you from hitting Terence.
The endoplasm freezes you.
You are frozen.
You die...

#.....# ##.##..# #....#.......
......# #.##..# #.####.......
......#### ##..#..###.####.......
.........# #.............#.......
.........# #.#...####....#.......
.........# #.#......#....#.......
.........# #.##..##.#....#.).....
.........###.##..J..#....#.......
#.........##....@####.[..#.......
..###...))######@# #....#.......
....#.###)######'####....########
....#.# #...#............#
....#.#####.#..........##########
#####.#.....#..........[..)......
...##.#.##..####....##...........
......#.##..#.......##...........
......#.##..#'##....##...........


You could see Terence and an endoplasm.

Vanquished Creatures
  A dart slug (D:1)
  2 ball pythons (D:1)
  2 endoplasms (D:1)
  5 goblins (D:1)
  A hobgoblin (D:1)
  A quokka (D:1)
  A bat (D:1)
  2 frilled lizards (D:1)
  A kobold (D:1)
16 creatures vanquished.

Notes
Turn   | Place    | Note
-------+----------+-------------------------------------------
     0 | D:1      | blank1 the Minotaur Fighter began the quest for the Orb.
     0 | D:1      | Reached XP level 1. HP: 19/19 MP: 0/0
   317 | D:1      | Reached XP level 2. HP: 26/27 MP: 1/1
   684 | D:2      | Noticed Terence
   708 | D:1      | HP: 1/27 [Terence (4)]
   709 | D:1      | Frozen to death by an endoplasm

Illustrated notes

Levels and vault maps discovered:
D:1:      saegor_arrival_simple_b, layout_basic, lemuel_another_geyser
D:2:      layout_basic, basic_altar, uniq_terence, uniq_robin, uniq_natasha

Skill      XL: |  1  2 |
---------------+-------+-----
Shields        | 4 |  4.0
Armour         | 4 |  4.0
Fighting       | |  3.9
Maces & Flails | |  2.9

Action                   || total
-------------------------++-------
Melee: Flail             ||    66
       Headbutt          ||     6
Armor: Chain mail        ||    33
       Scale mail        ||     3
Dodge: Dodged            ||    25
Block: Buckler           ||    15

Table legend: (Time is in decaauts)
 A = Elapsed time spent in this place.
 B = Non-inter-level travel time spent in this place.
 C = Inter-level travel time spent in this place.
 D = Time resting spent in this place.
 E = Time spent auto-exploring this place.
 F = Levels seen in this place.
 G = Mean time per level.
                   A        B        C        D        E       F      G
               +--------+--------+--------+--------+--------+-----+--------+
         Total |    726 |    704 |     22 |      0 |    534 |   2 |  363.0 |
       Dungeon |    726 |    704 |     22 |      0 |    534 |   2 |  363.0 |
               +--------+--------+--------+--------+--------+-----+--------+

Top non-repeatable levels by time:
     D:1: 700 daAuts
     D:2: 25 daAuts
